AoeStats
← Sir Lilo

Arabia

503469317Analyzed
1v1 RM · 1mo ago on Aug 31, 2026· 23m 43s· 2 players
Game mode
Random Map
Map size
Tiny (2 player)
Population
200
Speed
Normal
Resources
Standard
Victory
Conquest
Starting age
Dark Age
Ending age
Imperial Age
RankedLock teamsTeams togetherTeam positionsShared explorationLock speedFull tech treeHidden civsTurbo modeCheats
Victory
Defeat
🇨🇱 Byzantines · Chile
823
+17
🇫🇷 Vietnamese · France
834
-17
Sir Lilo
10:25 Feudal Age
11:41 Loom
18:49 Castle Age
18:10 Double-Bit Axe
18:07 Horse Collar
18:59 Forging
23:17 Scale Barding Armor
Furluk
6:57 Loom
9:25 Feudal Age
12:53 Wheelbarrow
16:33 Town Watch
20:41 Castle Age
19:34 Bloodlines
19:42 Scale Barding Armor
19:43 Double-Bit Axe
19:42 Horse Collar
21:06 Forging
22:08 Chain Barding Armor
22:42 Fletching
Connection lost

Rejoining the realm…

Still unreachable

The connection could not be restored.

Session expired

The server has moved on; the page needs a fresh start.